Map: Golden Wall LE

Players

Dream

  • Race: Terran Terran
  • Spawn Location: 7:00

Astrea - Winner!

  • Race: Protoss Protoss
  • League: Master
  • Spawn Location: 5:00

Event: War Chest Team League

VOD

Have the link to the VOD?

Description

Time

  • Played on: July 24, 2020, 8:18 a.m.
  • Length: 29:57
Show
View Real Time Build Order
Export as new Build Order

Dream Terran 

Build Orders: Reaper Expand 

Get SALT Encoding   

  12  0:00  SCV  
  13  0:12  SCV  
  14  0:17  Supply Depot  
  14  0:25  SCV  
  15  0:39  SCV  
  15  0:40  Barracks  
  16  0:43  Refinery  
  16  0:51  SCV  
  17  1:03  SCV  
  18  1:15  SCV  
  19  1:27  Reaper  
  19  1:28  Orbital Command  
  20  1:46  Command Center  
  20  1:54  SCV  
  21  1:57  Supply Depot  
  21  1:59  Marine  
  22  2:06  SCV  
  23  2:10  Factory  
  23  2:18  Marine, SCV  
  25  2:23  Bunker  
  25  2:30  SCV  
  27  2:44  Barracks Reactor, SCV  
  27  2:56  SCV  
  27  2:58  Orbital Command  
  28  3:02  Factory Tech Lab  
  28  3:05  Orbital Command  
  28  3:08  Command Center  
  28  3:11  SCV  
  29  3:20  Cyclone  
  29  3:26  SCV  
  33  3:31  SCV  
  33  3:32  Marine x2  
  36  3:38  Barracks  
  36  3:40  SCV  
  36  3:43  SCV  
  36  3:47  Barracks  
  37  3:49  Marine  
  37  3:50  Marine  
  37  3:52  SCV  
  37  3:53  Refinery  
  37  3:55  SCV  
  41  3:57  Supply Depot  
  41  4:02  Siege Tank  
  44  4:04  SCV  
  45  4:10  Engineering Bay  
  45  4:12  SCV  
  45  4:13  Supply Depot  
  46  4:18  Marine x2  
  46  4:19  SCV  
  46  4:24  SCV  
  50  4:25  Orbital Command  
  50  4:29  Barracks Tech Lab  
  50  4:32  SCV  
  50  4:36  SCV  
  50  4:37  Supply Depot, Barracks Tech Lab  
  52  4:41  Marine x2  
  52  4:45  SCV  
  55  4:48  SCV  
  55  4:49  Stimpack, Marine  
  57  4:56  SCV  
  57  4:57  Siege Tank  
  61  5:02  Marine x2  
  61  5:03  Marine  
  61  5:08  Marine  
  61  5:11  Engineering Bay  
  61  5:13  Supply Depot  
  59  5:17  SCV  
  59  5:19  SCV  
  59  5:20  Marine  
  59  5:21  Marine x2  
  59  5:27  Terran Infantry Weapons Level 1  
  61  5:28  Marine  
  61  5:32  SCV  
  61  5:33  SCV  
  61  5:34  SCV  
  61  5:35  Combat Shield  
  65  5:38  Marine  
  65  5:41  Marine  
  65  5:42  Refinery x2  
  67  5:45  Marine  
  67  5:46  Marine  
  69  5:56  Marine  
  71  5:57  SCV x3  
  71  5:59  Marine, Siege Tank  
  71  6:02  Marine  
  78  6:04  Marine  
  78  6:09  SCV x2  
  78  6:10  SCV  
  82  6:12  Barracks x2  
  82  6:17  Starport  
  82  6:22  SCV x3  
  82  6:24  Barracks Reactor  
  82  6:25  Supply Depot  
  85  6:26  Terran Infantry Armor Level 1  
  85  6:29  Marine x2  
  87  6:36  SCV x2  
  89  6:47  Marine x2, Siege Tank  
  89  6:50  SCV  
  89  6:51  SCV  
  96  6:55  Supply Depot  
  96  6:56  Supply Depot x3  
  96  7:01  Marine x2  
  98  7:02  Barracks Reactor  
  98  7:03  Barracks Tech Lab  
  98  7:04  Marine  
  98  7:05  Marine  
  98  7:06  SCV  
  101  7:10  Supply Depot  
  101  7:11  Supply Depot  
  101  7:17  Medivac x2, Concussive Shells, SCV  
  101  7:20  Marine  
  107  7:23  Marauder  
  107  7:25  Marauder  
  107  7:26  Marine  
  111  7:33  Ghost Academy  
  111  7:40  Marauder  
  111  7:41  Marine x2  
  111  7:42  Missile Turret  
  115  7:44  Marauder  
  115  7:45  Siege Tank  
  120  7:52  Supply Depot  
  120  7:53  Marine x2  
  120  7:58  Marauder  
  124  8:01  Medivac  
  124  8:02  Medivac  
  124  8:04  Marine  
  124  8:05  Marine  
  130  8:11  Marine x2  
  134  8:14  Orbital Command  
  132  8:24  Marine x2  
  135  8:28  Supply Depot x2  
  135  8:33  Marine x2  
  137  8:37  Unknown  
  137  8:40  Sensor Tower  
  137  8:42  Marine x2  
  137  8:44  Refinery  
  141  8:50  Enhanced Shockwaves, Unknown  
  141  8:51  Marine x2  
  141  8:52  Marine  
  144  9:11  Marine x2, Unknown  
  144  9:12  Marine x2  
  144  9:13  Command Center, Missile Turret  
  144  9:16  Siege Tank  
  152  9:26  Marauder  
  154  9:31  Marine x3  
  154  9:32  Marine  
  154  9:38  Marauder, Unknown  
  159  9:40  Armory  
  154  9:51  Unknown  
  154  9:52  Marauder  
  157  9:53  Viking  
  157  9:57  Viking  
  157  9:58  Marine x4  
  164  10:05  Supply Depot  
  161  10:09  Supply Depot  
  161  10:10  Siege Tank  
  164  10:16  Marauder x2, Unknown  
  164  10:17  Marauder  
  164  10:18  Marine x2  
  164  10:19  Marine  
  173  10:21  Barracks  
  173  10:24  Barracks, Marine  
  173  10:25  Supply Depot  
  174  10:29  Terran Infantry Weapons Level 2  
  174  10:35  Missile Turret  
  174  10:42  Marine x2  
  178  10:45  Marine  
  178  10:46  Marauder, Marine  
  184  10:57  Medivac  
  185  11:05  Marine x2  
  185  11:07  Marauder  
  185  11:08  Marine  
  185  11:10  Marauder, Unknown x2  
  189  11:11  Planetary Fortress  
  189  11:14  Terran Vehicle Weapons Level 1  
  189  11:16  Marine  
  161  11:28  Marauder, Marine  
  161  11:29  Marauder, Marine  
  161  11:32  Marauder, Marine  
  139  11:37  Siege Tank  
  127  11:42  Medivac  
  127  11:45  Barracks Reactor, Barracks Tech Lab  
  121  11:47  Marine, Refinery  
  121  11:48  Marine, Refinery  
  121  11:49  Marauder, Marine  
  121  11:50  Marauder  
  121  11:53  Marauder  
  127  11:55  Marine  
  127  11:56  Command Center  
  126  12:04  Marauder  
  126  12:05  Marine  
  126  12:06  SCV x2  
  126  12:07  SCV  
  126  12:11  Marauder x2  
  126  12:15  Marauder  
  125  12:17  Marine x3  
  125  12:21  Widow Mine  
  130  12:23  Marine  
  130  12:25  Marauder, Medivac  
  130  12:26  Medivac  
  130  12:27  Marine  
  138  12:32  Marauder  
  138  12:33  Marauder  
  142  12:43  Marine x2  
  146  12:45  Marine  
  146  12:47  Marine x2  
  151  12:52  Missile Turret  
  151  12:54  Marauder  
  151  12:55  Marine  
  156  13:01  Marine x2  
  156  13:03  Marine  
  156  13:04  Marine  
  156  13:05  Marine  
  157  13:08  Terran Infantry Armor Level 2  
  157  13:10  Marauder, Unknown  
  159  13:13  Barracks, Marine  
  159  13:14  Unknown  
  159  13:15  Marauder, Barracks  
  159  13:16  Marauder, Missile Turret  
  159  13:18  SCV x4  
  159  13:19  Marine x2, Planetary Fortress  
  170  13:21  Marine x2  
  170  13:22  Unknown  
  170  13:26  Refinery  
  170  13:27  Marine x2  
  172  13:28  Refinery  
  172  13:31  Marine, Siege Tank  
  172  13:32  Viking x2, Missile Turret  
  182  13:39  Marine  
  183  13:44  Marauder x3, Command Center, Marine  
  183  13:46  Marine  
  183  13:47  Marine  
  183  13:48  Marine  
  193  13:52  Missile Turret  
  193  13:54  Sensor Tower  
  193  14:12  Marine  
  193  14:13  Marauder  
  196  14:23  Barracks Reactor, Barracks Tech Lab  
  192  14:37  Marine x5  
  197  14:39  Terran Vehicle Weapons Level 2  
  197  14:41  Unknown x2  
  199  14:48  Factory  
  199  15:05  Siege Tank, Unknown x2  
  199  15:09  Unknown  
  184  15:24  Medivac x2  
  184  15:26  Marauder  
  184  15:27  Marine  
  184  15:28  Marauder  
  185  15:33  Marine x4  
  185  15:34  Unknown  
  187  15:37  Siege Tank  
  188  15:47  Marine  
  178  15:50  Marine, Factory Tech Lab  
  178  15:51  Marine x2  
  178  15:53  Terran Infantry Armor Level 3  
  178  15:54  Marine  
  178  15:55  Unknown  
  178  15:56  Unknown  
  174  15:57  Engineering Bay  
  174  15:58  Marine x2  
  174  15:59  Marine  
  174  16:02  Unknown  
  177  16:08  Siege Tank  
  177  16:09  Siege Tank  
  183  16:12  Personal Cloaking  
  183  16:14  Ghost Academy  
  183  16:16  Unknown  
  183  16:17  Sensor Tower, Marine x2, Unknown  
  185  16:19  Medivac  
  185  16:23  Unknown  
  185  16:26  Planetary Fortress  
  184  16:40  Siege Tank  
  187  16:47  Siege Tank  
  187  16:49  Sensor Tower  
  187  16:50  Refinery x2  
  190  16:58  Missile Turret  
  186  17:12  Siege Tank  
  189  17:19  Siege Tank  
  192  17:30  Missile Turret  
  184  17:38  Command Center  
  177  17:44  Siege Tank  
  178  17:51  Siege Tank  
  173  18:03  Marine x2  
  172  18:15  Marine x3  
  172  18:16  Siege Tank  
  168  18:23  Siege Tank  
  165  18:28  Marine  
  165  18:30  Marine  
  165  18:31  Marauder x3, Unknown x5  
  165  18:32  Marine x2  
  164  18:34  Medivac  
  164  18:35  Nuke  
  158  18:44  Marine x2  
  158  18:45  Marine  
  161  18:53  Marauder x2  
  165  18:59  Marine x2  
  165  19:00  Marauder, Unknown x2  
  169  19:14  Marauder x2  
  154  19:18  Marine x3  
  154  19:21  Unknown  
  135  19:27  Medivac  
  135  19:28  Unknown  
  135  19:31  Marine x2  
  131  19:33  Marine  
  131  19:36  Marine  
  131  19:37  Marine  
  124  19:41  Marine x2  
  126  19:47  SCV x2  
  126  19:49  Planetary Fortress, SCV  
  126  19:50  Marauder, Unknown x2  
  126  19:51  SCV x3  
  126  19:52  Missile Turret  
  136  19:55  Medivac  
  136  19:57  Marauder, Medivac, Unknown  
  136  19:58  Marine  
  143  20:01  Siege Tank  
  143  20:04  Marauder, Unknown x2  
  143  20:06  Siege Tank  
  151  20:09  Marauder, Marine  
  151  20:10  Marine  
  155  20:18  Marine x5, Unknown  
  155  20:20  Marauder  
  162  20:33  Siege Tank  
  165  20:40  Marauder, Siege Tank  
  165  20:42  Marauder  
  176  20:43  Marine x3  
  177  20:53  Nuke  
  177  20:55  Marine  
  177  20:56  Marauder x2  
  182  21:01  Marauder, Marine x3  
  182  21:03  Marauder  
  185  21:05  Siege Tank  
  185  21:10  Unknown  
  185  21:11  SCV  
  193  21:12  Siege Tank  
  194  21:26  Nuke  
  193  21:37  Siege Tank  
  193  21:38  Unknown  
  194  21:44  Siege Tank  
  194  21:45  Nuke  
  193  21:47  Ghost Academy  
  193  21:51  Refinery  
  193  21:52  Ghost Academy  
  193  21:53  Refinery  
  177  22:09  Siege Tank  
  180  22:16  Siege Tank  
  179  22:28  Nuke  
  170  22:41  Siege Tank  
  173  22:47  Marauder x2, Marine x4  
  173  22:48  Marine x2, Siege Tank  
  186  23:05  Marine x5  
  166  23:08  Marauder  
  166  23:09  Marine  
  166  23:10  Marine x2  
  165  23:13  Siege Tank  
  165  23:14  Unknown  
  165  23:15  Marauder x2, Unknown x2  
  165  23:19  Nuke  
  172  23:20  Siege Tank  
  172  23:21  Nuke x2  
  172  23:23  Marine x5  
  166  23:27  Marine x2  
  166  23:31  Marine  
  161  23:35  Medivac  
  161  23:36  Unknown  
  161  23:37  Marauder  
  161  23:40  Marine  
  168  23:43  Unknown  
  168  23:44  Marauder  
  168  23:46  Nuke, Siege Tank  
  172  23:54  Orbital Command  
  172  23:58  Marauder x2, Unknown  
  176  24:04  Unknown x2  
  176  24:05  Marauder, Nuke  
  178  24:11  Medivac  
  178  24:12  Medivac, Marine x7  
  189  24:22  Orbital Command  
  187  24:37  Marauder, Marine x2  
  187  24:38  Marauder x2  
  193  24:43  Sensor Tower  
  193  24:48  Missile Turret  
  193  24:49  Siege Tank x2  
  189  25:12  Medivac x2  
  187  25:22  Nuke  
  187  25:28  Marauder x2, Marine  
  192  25:29  Marauder x3  
  192  25:31  Marine  
  197  25:42  Marine  
  196  25:44  Marine  
  196  25:49  Marine  
  188  25:50  Marauder  
  188  25:51  Marauder x4  
  162  26:02  Marine x2  
  149  26:11  Marauder  
  149  26:12  Marauder  
  149  26:14  Siege Tank  
  127  26:40  Unknown  
  127  26:41  Marauder  
  127  26:44  Barracks  
  127  26:45  Barracks  
  120  27:24  Supply Depot x3  
  120  27:26  Supply Depot  
  39  29:30  Command Center  
Show
View Real Time Build Order
Export as new Build Order

Astrea Protoss - Winner!

Build Orders: 1 Gate Expand 

Get SALT Encoding   

  12  0:00  Probe  
  13  0:12  Probe  
  14  0:18  Pylon  
  14  0:24  Probe  
  15  0:32  Probe  
  15  0:37  Gateway  
  15  0:40  Probe  
  16  0:47  Assimilator  
  17  0:51  Probe  
  18  1:03  Probe  
  19  1:16  Probe  
  20  1:24  Cybernetics Core  
  20  1:34  Nexus  
  20  1:37  Probe  
  21  1:43  Pylon  
  21  1:49  Probe  
  21  1:51  Adept  
  21  1:52  Assimilator  
  22  2:01  Probe  
  25  2:09  Shield Battery  
  25  2:11  Warp Gate  
  25  2:13  Stalker  
  25  2:14  Probe  
  26  2:27  Probe  
  29  2:39  Probe  
  29  2:43  Twilight Council  
  30  2:46  Probe  
  31  2:51  Probe  
  31  2:58  Probe  
  33  3:00  Charge  
  33  3:03  Probe  
  34  3:06  Robotics Facility, Probe  
  35  3:14  Probe  
  35  3:15  Probe  
  37  3:25  Probe  
  38  3:28  Probe  
  38  3:33  Gateway  
  39  3:38  Probe  
  39  3:40  Gateway  
  40  3:43  Gateway, Warp Prism  
  42  4:01  Gateway x2  
  42  4:07  Stalker  
  42  4:12  Pylon  
  42  4:13  Probe x2  
  44  4:32  Pylon, Zealot x2  
  44  4:33  Pylon  
  44  4:35  Zealot  
  44  4:38  Zealot  
  52  4:43  Observer  
  53  4:59  Warp Prism  
  53  5:06  Probe x2  
  57  5:09  Nexus  
  55  5:18  Probe  
  55  5:20  Zealot x6  
  64  5:27  Probe  
  64  5:28  Pylon  
  61  5:31  Probe  
  62  5:39  Probe  
  62  5:41  Observer  
  63  5:43  Probe  
  63  5:44  Zealot x3  
  63  5:46  Zealot  
  72  5:52  Sentry x2, Probe  
  72  5:56  Assimilator  
  77  5:57  Templar Archives, Probe  
  77  6:01  Assimilator  
  78  6:07  Probe  
  78  6:15  Pylon, Psionic Storm  
  78  6:21  Probe x2  
  78  6:22  Probe  
  81  6:28  Pylon  
  81  6:32  Observer  
  82  6:33  Probe x2  
  84  6:44  Zealot x5  
  92  6:47  Zealot  
  92  6:50  Shield Battery  
  92  6:53  Pylon  
  94  6:56  Warp Prism  
  94  6:59  Pylon  
  97  7:01  Probe  
  97  7:02  Forge, Probe  
  97  7:04  Probe  
  99  7:10  Protoss Ground Armor Level 1  
  99  7:13  Probe  
  99  7:15  Pylon  
  100  7:16  High Templar x3  
  100  7:20  Observer  
  106  7:30  High Templar  
  108  7:37  Gateway  
  108  7:38  Gateway  
  108  7:39  Zealot x2  
  112  7:45  Blink  
  112  7:56  Zealot x3  
  118  8:09  Stalker  
  118  8:10  Stalker x2  
  118  8:12  Pylon  
  124  8:13  Pylon  
  124  8:15  Pylon  
  124  8:16  Probe  
  125  8:27  Nexus  
  125  8:30  Probe x3  
  125  8:31  Pylon  
  125  8:33  Forge  
  128  8:37  Zealot  
  128  8:38  Stalker x4, Zealot x3  
  142  8:42  Protoss Ground Armor Level 2  
  142  8:43  Protoss Ground Weapons Level 1  
  142  8:49  Probe x2  
  142  8:50  Probe  
  142  8:51  Pylon  
  145  9:01  Immortal, Pylon  
  149  9:02  Pylon  
  149  9:09  Probe  
  152  9:10  Probe x2  
  152  9:13  Pylon x3  
  152  9:16  Pylon  
  152  9:21  Stalker x2  
  152  9:22  Stalker x4, Probe x2  
  162  9:39  Assimilator  
  162  9:40  Assimilator, Probe x4  
  154  9:54  Probe x2  
  154  9:55  Zealot x8  
  154  9:57  Observer  
  154  9:59  Gateway  
  172  10:00  Gateway  
  173  10:08  Robotics Bay  
  173  10:09  Robotics Facility  
  173  10:22  Nexus  
  173  10:30  Shield Battery  
  173  10:32  Photon Cannon  
  173  10:35  Zealot x4  
  175  10:36  Zealot x4  
  187  10:52  Robotics Bay  
  187  10:54  Robotics Facility  
  187  10:56  Zealot x9  
  187  10:57  Zealot  
  197  10:58  Pylon  
  197  11:00  Pylon  
  192  11:17  Protoss Ground Armor Level 3, Protoss Ground Weapons Level 2, Zealot x4  
  192  11:18  Stalker  
  145  11:27  Zealot x5  
  99  11:40  Stalker x4  
  99  11:42  Probe  
  99  11:43  Probe  
  99  11:44  Probe  
  102  11:49  High Templar x3  
  102  11:50  High Templar  
  106  11:57  Archon x2  
  106  11:58  Zealot  
  106  11:59  Zealot  
  104  12:02  Probe  
  104  12:07  Sentry x3  
  103  12:11  Zealot  
  103  12:14  Observer  
  98  12:17  Probe  
  98  12:18  Probe x3  
  98  12:19  Probe  
  103  12:26  Pylon, High Templar  
  103  12:27  High Templar, Zealot x2  
  112  12:30  Probe  
  112  12:34  Probe  
  112  12:35  Probe x2  
  115  12:39  Stalker x2  
  117  12:46  Zealot x3  
  117  12:47  Probe  
  117  12:50  Probe x3  
  127  12:55  Pylon  
  127  13:00  Probe  
  127  13:04  Disruptor  
  128  13:05  Disruptor  
  128  13:06  Probe  
  128  13:07  Probe  
  128  13:08  Probe  
  136  13:23  High Templar  
  136  13:24  Probe x3  
  142  13:30  Assimilator, Observer  
  142  13:32  Assimilator, Disruptor x2  
  141  13:34  High Templar  
  141  13:36  High Templar, Zealot x5  
  141  13:37  Zealot  
  141  13:38  Gravitic Drive, Zealot  
  141  13:41  Pylon  
  165  14:01  Photon Cannon  
  163  14:03  Shield Battery  
  163  14:07  Pylon  
  161  14:11  Disruptor, Zealot x10  
  184  14:22  Disruptor  
  174  14:25  Protoss Ground Weapons Level 3  
  174  14:28  Photon Cannon, Shield Battery  
  171  14:34  Protoss Shields Level 1  
  159  14:39  Disruptor  
  159  14:46  Nexus  
  159  14:50  Stalker x5  
  172  15:08  Stalker x5  
  182  15:19  Zealot x5  
  166  15:36  Stalker x5  
  172  15:47  Zealot x5  
  167  15:55  Observer  
  161  16:01  Nexus  
  160  16:07  Nexus  
  160  16:20  High Templar x7  
  160  16:21  Zealot x3  
  160  16:24  Archon x3  
  180  16:26  Pylon  
  178  16:44  Disruptor x2  
  185  16:47  Probe x4  
  188  16:56  Assimilator  
  188  17:00  Archon  
  186  17:01  Assimilator  
  186  17:05  Photon Cannon  
  186  17:06  Shield Battery  
  182  17:13  Observer  
  182  17:15  High Templar x2  
  182  17:16  Zealot x7  
  200  17:31  Protoss Shields Level 2  
  196  17:55  Stalker x4  
  192  18:11  Zealot x6  
  187  18:26  Zealot x4  
  189  18:33  Archon  
  189  18:34  Zealot x6  
  190  18:39  Disruptor x2  
  188  18:49  Zealot  
  188  18:50  Zealot x3  
  188  18:52  Nexus  
  194  19:00  Zealot x3  
  200  19:03  Gateway x2  
  198  19:10  Zealot  
  181  19:18  Disruptor, Zealot x2  
  181  19:20  Probe  
  181  19:22  Zealot x7  
  151  19:25  Disruptor  
  112  19:45  High Templar x2  
  112  19:46  Stalker x6, High Templar  
  112  19:50  Probe x4  
  112  19:51  Disruptor  
  132  19:53  Pylon  
  135  20:01  Disruptor  
  138  20:09  Observer  
  138  20:13  High Templar, Zealot x8  
  156  20:21  Disruptor  
  156  20:23  Photon Cannon  
  156  20:25  Shield Battery  
  156  20:27  Pylon  
  159  20:28  Zealot x2  
  159  20:29  Zealot  
  165  20:36  Disruptor  
  165  20:37  Assimilator x2  
  165  20:40  Pylon, Photon Cannon, Shield Battery  
  165  20:42  High Templar, Zealot x4  
  175  20:43  Zealot  
  175  20:49  Pylon  
  175  20:53  Observer  
  175  20:54  Stalker x4  
  184  21:10  Observer  
  184  21:44  Zealot x7  
  197  21:47  Observer  
  197  21:53  Nexus  
  195  22:02  Archon, Observer  
  198  22:10  Zealot x2  
  200  22:18  Observer  
  200  22:28  Pylon  
  200  22:36  Pylon  
  200  22:37  Pylon  
  200  22:38  Pylon  
  192  22:46  Pylon, Observer  
  192  22:48  Pylon  
  192  22:49  Stargate  
  192  22:51  Zealot x4  
  200  23:05  Stalker x6  
  194  23:06  Stalker  
  194  23:14  Probe x7  
  195  23:26  Stalker x5  
  191  23:27  Probe x2, Observer  
  142  23:41  Observer  
  142  23:42  High Templar x2  
  142  23:43  Zealot x5  
  150  23:49  Observer  
  150  23:53  Probe x7  
  150  23:55  Observer  
  157  23:59  Assimilator  
  157  24:04  Zealot x10  
  157  24:05  Probe  
  157  24:07  Probe x2  
  157  24:08  Probe x2  
  182  24:10  Photon Cannon  
  182  24:22  Zealot x2  
  181  24:28  Probe x3  
  181  24:29  Probe  
  183  24:35  Photon Cannon  
  183  24:36  High Templar x6  
  183  24:37  High Templar x2  
  199  24:41  Archon x3  
  199  24:42  Archon  
  199  24:45  Protoss Shields Level 3  
  181  25:16  Zealot x9  
  181  25:17  Zealot  
  198  25:24  Zealot  
  199  25:45  Zealot x2  
  193  25:53  Zealot x6  
  193  25:54  Zealot  
  197  26:00  Disruptor  
  192  26:14  High Templar x4  
  188  26:35  Zealot x7  
  197  26:42  Gateway x2  
  197  26:44  Gateway  
  197  26:45  Gateway  
  197  26:50  Dark Shrine  
  183  26:58  Zealot x8  
  185  27:20  Zealot x6  
  185  27:21  Zealot x3  
  194  27:42  Zealot x5  
  186  28:02  High Templar x6  
  186  28:03  High Templar x2  
  200  28:06  Archon x2  
  200  28:07  Archon x2  
  176  28:20  Zealot x2  
  173  28:44  Zealot x7  
  187  29:12  Nexus  
  187  29:14  Pylon  
  187  29:15  Pylon  
  187  29:17  Pylon  
  187  29:20  Pylon  
  187  29:22  Pylon  
Tags
 
Add a new tag
Caveats
  • Supply blocks, unpowered buildings, or Contaminate may cause inaccurate times.
  • Supply counts are checked every 10 seconds.